 Dungeon Crawl Stone Soup version 0.28.0-45-g0d030f2227 (webtiles) character file.

Game seed: 1618867268006027701

46 DuloT34 the Vexing (level 3, -1/26 HPs)
             Began as a Barachi Arcane Marksman on Apr 18, 2022.
             Slain by an adder (2 damage)
             ... on level 2 of the Dungeon.
             The game lasted 00:02:50 (1408 turns).

DuloT34 the Vexing (Barachi Arcane Marksman)        Turns: 1408, Time: 00:02:51

Health: -1/26      AC:  2    Str: 11    XL:     3   Next: 68%
Magic:  6/6        EV: 12    Int: 13    God:
Gold:   78         SH:  0    Dex: 14    Spells: 6/7 levels left

rFire   . . .      SeeInvis .   (no weapon)
rCold   . . .      Faith    .   (no shield)
rNeg    . . .      Spirit   .   d - +0 robe
rPois   .          Reflect  .   (no helmet)
rElec   .          Harm     .   (no cloak)
rCorr   .          Rampage  .   (no gloves)
Will    .....                   (no boots)
Stlth   +.........              (no amulet)
HPRegen 0.08/turn               (no ring)
MPRegen 0.10/turn               (no ring)

@: brilliant, slow
A: amphibious, slowness 1, strong legs 1, +LOS
a: Hop


You were on level 2 of the Dungeon.
You visited 1 branch of the dungeon, and saw 2 of its levels.

You collected 78 gold pieces.

Inventory:

Hand Weapons
 a - a +0 shortbow
Armour
 d - a +0 robe (worn)
Jewellery
 g - a +6 ring of dexterity
 h - a +4 ring of evasion


   Skills:
 - Level 1.2 Fighting
 + Level 3.1 Bows
 - Level 2.1 Dodging
 + Level 2.5 Spellcasting
 - Level 3.2 Hexes


You had 6 spell levels left.
You knew the following spells:

 Your Spells              Type           Power      Damage    Failure   Level
a - Slow                  Hex            60%        N/A       6%          1

Your spell library contained the following spells:

 Spells                   Type           Power      Damage    Failure   Level
 Inner Flame              Hex/Fire       8%         N/A       36%         3
 Portal Projectile        Hex/Tloc       16%        N/A       36%         3
 Cause Fear               Hex            7%         N/A       52%         4


Dungeon Overview and Level Annotations

Branches:
Dungeon (2/15)

Altars:


Innate Abilities, Weirdness & Mutations

You are amphibious.
You cover ground slowly.
You can hop short distances.
You have an extended range of vision and can be seen from far away.


Message History

The adder bites you.
* * * LOW HITPOINT WARNING * * *
You are lethally poisoned!
The adder poisons you!
You feel better. The adder misses you. The adder bites you.
* * * LOW HITPOINT WARNING * * *
The adder barely misses you. The adder closely misses you.
As you read the scroll labelled SEYFUVUGAE, it crumbles to dust.
It is a scroll of amnesia.
Really abort (and waste the scroll)? [Y]es or [N]o only, please.
Really abort (and waste the scroll)?
Okay, then.
The adder bites you but does no damage.
It was a potion of brilliance.
You feel clever all of a sudden. The adder barely misses you.
The adder bites you but does no damage. The adder barely misses you.
The adder bites you.
* * * LOW HITPOINT WARNING * * *
You are lethally poisoned!
The adder poisons you!
You feel better. The adder closely misses you. The adder misses you.
The adder bites you.
* * * LOW HITPOINT WARNING * * *
The adder bites you but does no damage. The adder bites you.
* * * LOW HITPOINT WARNING * * *
The adder closely misses you. The adder barely misses you. The adder bites you.
* * * LOW HITPOINT WARNING * * *
The adder bites you.
* * * LOW HITPOINT WARNING * * *
The adder bites you.
You die...

#.).##..........#
#.#.#.
###.##..........#
#.#.#.
#.##..........#
#^#.#.
#.......#######
#.#.#.
#######.###
#.#.#. #...# ###
#.#.#. ###.# #<#
#.#.#. #.###.#
#.#... #..S@.#
#.#### #######
#..... ######


You could see an adder.

Vanquished Creatures
  An adder (D:2)
  A worm (D:2)
  4 dart slugs
  An orc (D:2)
  4 bats
  3 endoplasms
  2 goblins
  5 kobolds
  6 ball pythons
  A frilled lizard (D:1)
  2 rats
30 creatures vanquished.

Notes
Turn   | Place    | Note
-------+----------+-------------------------------------------
     0 | D:1      | DuloT34 the Barachi Arcane Marksman began the quest for the
                  | Orb.
     0 | D:1      | Reached XP level 1. HP: 15/15 MP: 2/2
   159 | D:1      | Reached XP level 2. HP: 21/21 MP: 2/4
   872 | D:2      | Reached XP level 3. HP: 20/26 MP: 6/6
  1380 | D:2      | HP: 1/26 [adder (3)]
  1406 | D:2      | HP: 1/26 [adder (3)]
  1408 | D:2      | Slain by an adder

Illustrated notes

Levels and vault maps discovered:
D:1:      dpeg_arrival_windows_large_door, layout_loops_ring
D:2:      layout_basic

Skill      XL: |  1  2  3 |
---------------+----------+-----
Spellcasting   | 2 |  2.5
Bows           | 3 |  3.1
Fighting       | |  1.2
Dodging        | |  2.1
Hexes          | |  3.2

Action                   || total
-------------------------++-------
Melee: Unarmed           ||     6
 Fire: Shortbow          ||    90
 Cast: Slow              ||     8
  Use: Scroll            ||     5
       Potion            ||     3
Armor: Robe              ||     6
Dodge: Dodged            ||    24
